 Dungeon Crawl Stone Soup version 0.21.1-1-g345015f (webtiles) character file.

870 wojtek the Chopper (level 7, -2/60 HPs)
             Began as a Minotaur Fighter on July 23, 2018.
             Was a Believer of Okawaru.
             Slain by Ymberto's ghost (10 damage)
             ... on level 5 of the Dungeon.
             The game lasted 00:06:18 (3746 turns).

wojtek the Chopper (Minotaur Fighter)               Turns: 3746, Time: 00:06:20

Health: -2/60      AC:  9    Str: 23    XL:     7   Next: 73%
Magic:  8/8        EV:  7    Int:  9    God:    Okawaru [**....]
Gold:   189        SH: 10    Dex:  9    Spells: 6/6 levels left

rFire    . . .     SeeInvis .   a - +0 war axe
rCold    + . .     Gourm    .   c - +0 shield
rNeg     . . .     Faith    .   e - +0 chain mail
rPois    .         Spirit   .   (helmet restricted)
rElec    .         Reflect  .   (no cloak)
rCorr    .         Harm     .   (no gloves)
MR       .....                  (no boots)
Stlth    ..........             (no amulet)
HPRegen  0.20/turn              i - ring of protection from cold
MPRegen  0.11/turn              r - +4 ring of intelligence

@: no status effects
A: retaliatory headbutt, horns 2
a: Heroism, Renounce Religion


You were on level 5 of the Dungeon.
You worshipped Okawaru.
Okawaru was pleased with you.
You were hungry.

You visited 1 branch of the dungeon, and saw 5 of its levels.

You collected 189 gold pieces.

Inventory:

Hand Weapons
 a - a +0 war axe (weapon)
 n - a +1 hand axe of electrocution
Armour
 c - a +0 shield (worn)
 e - a +0 chain mail (worn)
Jewellery
 i - a ring of protection from cold (left hand)
 r - a +4 ring of intelligence (right hand)
Wands
 l - a wand of acid (4)
 v - a wand of random effects (14)
Scrolls
 b - 7 scrolls of identify {unknown}
 g - 6 scrolls of teleportation {unknown}
 j - a scroll of immolation {unknown}
 k - a scroll of fog {unknown}
 m - a scroll of enchant armour {unknown}
 p - a scroll of noise {unknown}
 t - a scroll of fear {unknown}
 u - a scroll of amnesia {unknown}
Potions
 d - 2 potions of might
 h - 2 potions of curing {unknown}
 q - a potion of degeneration {unknown}
 s - a potion of haste {unknown}
Comestibles
 f - 5 rations


   Skills:
 + Level 4.7 Fighting
 * Level 7.3 Axes
 + Level 4.5 Armour
 + Level 2.3 Dodging
 + Level 4.7 Shields
 * Level 3.3 Invocations
 + Level 1.9 Evocations


You had 6 spell levels left.
You didn't know any spells.

Dungeon Overview and Level Annotations

Branches:
Dungeon (5/15)             Temple (0/1) D:5

Altars:
Ashenzari
Fedhas
Hepliaklqana
Nemelex Xobeh
Okawaru
Trog
Vehumet
Xom
Yredelemnul
Zin
Beogh

Annotations:
D:5 Ymberto's ghost, novice HuHu


Innate Abilities, Weirdness & Mutations

You reflexively headbutt those who attack you in melee.
You have a pair of horns on your head.


Message History

Something hits you.
* * * LOW HITPOINT WARNING * * *
You block something's attack. Something hits you.
* * * LOW HITPOINT WARNING * * *
You block something's attack. You block the adder's attack.
There is an open door here.
You hear the brisk hiss of a distant avalanche of sand.
Evoke which item? (* to show all) (? for menu, Esc to quit)
Aiming: Random Effects
Press: ? - help, Shift-Dir - straight line, f - adder
Aim: an adder The fireball explodes!
The fireball engulfs something.
The fireball engulfs the adder.
The adder is almost dead.
The fireball engulfs you!
* * * LOW HITPOINT WARNING * * *
Something hits you!
You die...

#.....§≈≈.........#
#####..≈≈§≈≈........# ...#
......≈§§≈≈≈§.......# ...#
......≈§≈>≈§§.#############
....# ......≈≈≈≈≈≈≈Z#
#........###...+
.......≈≈§≈≈..# #..............
........≈§§...# #............#
########......####............#
..........S{@'............+
.###......####............###
######## #...............
#........####### #........#
#........# #........#
#........# .........##


You could see an adder.

Vanquished Creatures
  An ice beast (D:3)
  A phantom (D:4)
  5 hounds
  A jelly (D:2)
  A centaur skeleton (D:4)
  An orc priest (D:3)
  A human zombie (D:5)
  Jessica (D:2)
  5 orc wizards (D:4)
  3 worker ants
  10 adders
  An ooze (D:3)
  6 worms
  3 dart slugs
  3 leopard geckos
  7 orcs
  5 bats
  4 giant cockroaches
  4 goblins
  9 hobgoblins
  3 jackals (D:5)
  7 kobolds
  5 quokkas
  A ball python (D:2)
  4 frilled lizards
  A leopard gecko skeleton (D:5)
  An orc skeleton (D:5)
  5 rats
99 creatures vanquished.

Notes
Turn   | Place    | Note
-------+----------+-------------------------------------------
     0 | D:1      | wojtek the Minotaur Fighter began the quest for the Orb.
     0 | D:1      | Reached XP level 1. HP: 19/19 MP: 0/0
    56 | D:1      | Reached skill level 3 in Axes
    64 | D:1      | Reached XP level 2. HP: 20/26 MP: 1/1
   135 | D:1      | Found a shattered altar of Ashenzari.
   653 | D:2      | Reached skill level 4 in Axes
   700 | D:2      | Reached XP level 3. HP: 25/31 MP: 2/2
   872 | D:2      | Found a basalt altar of Yredelemnul.
   876 | D:2      | Noticed Jessica
   889 | D:2      | Killed Jessica
   889 | D:2      | Reached skill level 5 in Axes
   889 | D:2      | Reached XP level 4. HP: 30/39 MP: 3/3
  1111 | D:2      | Noticed a moth of wrath
  1113 | D:2      | Found a bloodstained altar of Trog.
  1189 | D:2      | Reached skill level 6 in Axes
  1288 | D:2      | Found an iron altar of Okawaru.
  1323 | D:2      | Found a radiant altar of Vehumet.
  1374 | D:2      | Became a worshipper of Warmaster Okawaru
  1392 | D:2      | Reached XP level 5. HP: 46/46 MP: 4/4
  1681 | D:3      | Reached skill level 1 in Invocations
  2158 | D:3      | Found a roughly hewn altar of Beogh.
  2162 | D:3      | Reached skill level 1 in Dodging
  2164 | D:3      | Reached XP level 6. HP: 35/52 MP: 6/6
  2286 | D:3      | Found a hazy altar of Hepliaklqana.
  2322 | D:3      | Noticed an ice beast
  2347 | D:3      | Killed an ice beast
  2347 | D:3      | Reached * piety under Okawaru
  2347 | D:3      | Reached skill level 1 in Evocations
  2582 | D:3      | Found a basalt altar of Yredelemnul.
  2584 | D:3      | Found a sparkling altar of Nemelex Xobeh.
  2584 | D:3      | Found a shimmering altar of Xom.
  2592 | D:3      | Found a radiant altar of Vehumet.
  2592 | D:3      | Found a glowing silver altar of Zin.
  2592 | D:3      | Found a blossoming altar of Fedhas.
  2856 | D:4      | Reached XP level 7. HP: 46/59 MP: 7/7
  3145 | D:4      | Reached skill level 7 in Axes
  3218 | D:4      | Reached ** piety under Okawaru
  3399 | D:5      | Entered Level 5 of the Dungeon
  3401 | D:5      | Noticed Ymberto's ghost (novice HuHu)
  3556 | D:5      | Found a staircase to the Ecumenical Temple.
  3746 | D:5      | Slain by Ymberto's ghost

Skill      XL: |  1  2  3  4  5  6  7 |
---------------+----------------------+-----
Axes           | 3 4 5 6 7 |  7.3
Invocations    | 1 2 3 |  3.3
Dodging        | 1 2 |  2.3
Fighting       | 4 |  4.7
Armour         | 4 |  4.5
Shields        | 4 |  4.7
Evocations     | 1 |  1.9

Action                   |  1- 3 |  4- 6 |  7- 9 || total
-------------------------+-------+-------+-------++-------
Melee: War axe           |    56 |   202 |    55 ||   313
       Headbutt          |     6 |    31 |    11 ||    48
Evoke: Wand              |       |       |    16 ||    16
  Eat: Chunk             |       |     7 |     2 ||     9
Armor: Chain mail        |    24 |    92 |    28 ||   144
       Scale mail        |     2 |       |       ||     2
Dodge: Dodged            |    17 |    31 |    15 ||    63
Block: Shield            |    44 |   103 |    40 ||   187
